 Dungeon Crawl Stone Soup version 0.26-a0-774-g1415c89e12 (webtiles) character file.

Game seed: 11871675882733243174

4799 Froggeryz the Transmogrifier (level 10, -2/99 HPs)
             Began as a Naga Transmuter on Nov 9, 2020.
             Was a Priest of Cheibriados.
             Slain by a stone giant (44 damage)
             ... in a volcano.
             The game lasted 00:17:24 (8457 turns).

Froggeryz the Transmogrifier (Naga Transmuter)      Turns: 8457, Time: 00:17:25

Health: -2/99      AC:  2    Str: 20    XL:     10   Next: 48%
Magic:  24/25      EV: 19    Int: 22    God:    Cheibriados [***...]
Gold:   205        SH:  0    Dex: 25    Spells: 9/17 levels left

rFire    . . .     SeeInvis +     - Unarmed
rCold    . . .     Faith    .   (shield currently unavailable)
rNeg     . . .     Spirit   .   (armour currently unavailable)
rPois    x         Reflect  .   (helmet currently unavailable)
rElec    .         Harm     .   (cloak currently unavailable)
rCorr    +         Rampage  .   (gloves currently unavailable)
MR       +....                  (no barding)
Stlth    ++........             f - amulet of regeneration
HPRegen  0.66/turn              b - ring of magical power
MPRegen  0.19/turn              l - ring of resist corrosion

@: mighty, spider-form, very slow
A: tiny, see invisible, spit poison 1, AC +3
a: Spit Poison, End Transformation, Bend Time, Temporal Distortion, Renounce
Religion


You were in a volcano.
You worshipped Cheibriados.
Cheibriados was most pleased with you.
You were a venomous arachnid creature.
You visited 3 branches of the dungeon, and saw 10 of its levels.
You also visited: Volcano.

You collected 370 gold pieces.
You spent 165 gold pieces at shops.

Inventory:

Missiles
 r - 15 poisoned darts (quivered)
Armour
 n - a +0 pair of gloves (melded)
 t - a +1 robe of fire resistance (melded)
 x - a +2 robe of magic resistance
Jewellery
 b - a ring of magical power (left front leg)
 d - an uncursed ring of flight
 f - an amulet of regeneration (around neck)
 l - a ring of resist corrosion (right front leg)
 y - an uncursed ring of wizardry {unknown}
Wands
 q - a wand of acid (2)
Scrolls
 c - 3 scrolls of identify
 e - 2 scrolls of fear
 g - 11 scrolls of teleportation
 i - 4 scrolls of immolation
 j - a scroll of enchant weapon
 k - a scroll of magic mapping
 s - 2 scrolls of blinking
 u - a scroll of noise {unknown}
 w - a scroll of fog
 A - 3 scrolls of remove curse
Potions
 a - a potion of resistance {unknown}
 h - 6 potions of curing
 m - a potion of brilliance {unknown}
 o - 5 potions of heal wounds
 p - 2 potions of attraction {unknown}
 v - a potion of might
 B - a potion of magic {unknown}
 C - 2 potions of berserk rage {unknown}


   Skills:
 - Level 9.1 Fighting
 - Level 1.5 Dodging
 + Level 9.0 Unarmed Combat
 + Level 4.1 Spellcasting
 - Level 10.5 Transmutations
 + Level 3.0 Ice Magic
 - Level 2.4 Poison Magic


You had 9 spell levels left.
You knew the following spells:

 Your Spells              Type           Power        Failure   Level
a - Beastly Appendage     Tmut           ######       1%          1
b - Spider Form           Tmut/Pois      ####......   9%          3
c - Ice Form              Ice/Tmut       ####....     19%         4

Your spell library contained the following spells:

 Spells                   Type           Power        Failure   Level
 Wereblood                Tmut           ######..     2%          2
 Blade Hands              Tmut           ######....   13%         5


Dungeon Overview and Level Annotations

Branches:
Dungeon (8/15)             Temple (1/1) D:5            Lair (1/6) D:8
Volcano (1/1)

Altars:
Ashenzari
Cheibriados
Dithmenos
Elyvilon
Fedhas
Gozag
Hepliaklqana
Kikubaaqudgha
Nemelex Xobeh
Okawaru
Qazlal
Ru
Sif Muna
Trog
Uskayaw
Vehumet
Wu Jian
Xom
Yredelemnul
Zin

Shops:
D:4 ?   D:6 ?

Annotations:
D:7 2 transporters, GordonOverkill's ghost, novice PaCK


Innate Abilities, Weirdness & Mutations

You cannot wear boots.
((Your serpentine skin is tough. (AC +3)))
You have supernaturally acute eyesight. (SInv)
((Armour fits poorly on your strangely shaped body.))
((Your system is resistant to poisons. (rPois)))
((You cover ground very slowly.))
You can spit poison.


Message History

You bite the gargoyle!
The gargoyle is severely damaged.
The gargoyle barely misses you.
You bite the earth elemental!
The earth elemental is moderately damaged.
You hit the stone giant but do no damage.
The stone giant is poisoned.
The earth elemental completely misses you.
You hit the stone giant but do no damage.
The stone giant looks as sick as possible!
The stone giant hits you!!
You bite the stone giant!
The stone giant looks as sick as possible!
The stone giant is moderately wounded.
The stone giant hits you! The earth elemental barely misses you.
You hit the stone giant but do no damage.
The stone giant is moderately wounded.
The gargoyle hurls a stone arrow at you.
The stone arrow hits you!! The stone giant hits you!!!
You die...

≈§≈§≈≈§≈≈....#####
#§≈...≈#
§§§§≈≈≈§§§.....#
##≈≈≈≈≈#
≈≈§§≈≈§§≈§....##
##≈≈≈##
≈≈≈≈≈≈≈≈§§≈....#
#≈☼#
≈§≈§≈≈≈≈§......#
≈##
§≈.≈≈≈§....#### ##
.......#.## ##
.###..###.##≈≈##
### ##s≈≈§≈#
#EC9≈≈°# #.[)≈≈§°#
#.$!≈≈≈°#
#$.∩≈≈≈≈#
#...≈§§## §..≈≈≈§#
#§≈≈≈§##


You could see a stone giant (extremely poisoned), an earth elemental and a
gargoyle.

Vanquished Creatures
  A lindwurm (Lair:1)
  A komodo dragon (Lair:1)
  A wyvern (D:8)
  A basilisk (D:8)
  A water moccasin (Lair:1)
  An ice beast (D:6)
  An orc warrior (D:6)
  2 black bears (D:8)
  2 ogres
  A phantom (D:3)
  5 bullfrogs
  Blork the orc (D:6)
  5 scorpions
  A howler monkey (D:5)
  4 hounds
  4 orc priests
  2 iguanas (D:8)
  8 orc wizards
  Jessica (D:3)
  Terence (D:2)
  10 worker ants
  A killer bee zombie (D:8)
  A hound skeleton (D:6)
  A howler monkey skeleton (D:7)
  13 adders
  3 shadow imps
  5 white imps
  2 ufetubi
  2 oozes
  4 worms
  A dart slug (D:1)
  5 leopard geckos
  22 orcs
  11 giant cockroaches
  21 goblins
  16 hobgoblins
  6 jackals
  9 kobolds
  8 quokkas
  3 ball pythons
  9 bats
  3 frilled lizards
  A jackal zombie (D:7)
  A quokka skeleton (D:4)
  8 rats
210 creatures vanquished.

Vanquished Creatures (others)
  7 plants
7 creatures vanquished.

Grand Total: 217 creatures vanquished

Notes
Turn   | Place    | Note
-------+----------+-------------------------------------------
     0 | D:1      | Froggeryz the Naga Transmuter began the quest for the Orb.
     0 | D:1      | Reached XP level 1. HP: 18/18 MP: 3/3
   232 | D:1      | Reached XP level 2. HP: 17/25 MP: 5/5
   475 | D:1      | Found a hide-covered altar of Uskayaw.
   576 | D:1      | Reached XP level 3. HP: 16/31 MP: 6/6
  1587 | D:2      | Found a shadowy altar of Dithmenos.
  1857 | D:2      | Reached XP level 4. HP: 38/38 MP: 7/7
  1859 | D:2      | Found a faded altar of an unknown god.
  1882 | D:2      | Reached skill level 3 in Transmutations
  2515 | D:2      | Reached XP level 5. HP: 31/44 MP: 8/8
  2708 | D:3      | Reached skill level 5 in Unarmed Combat
  2837 | D:3      | Noticed Jessica
  2848 | D:3      | Killed Jessica
  2896 | D:3      | Noticed Terence
  2967 | D:2      | Killed Terence
  3084 | D:2      | Reached XP level 6. HP: 10/51 MP: 9/9
  3280 | D:3      | Found an ornate altar of the Wu Jian Council.
  3569 | D:3      | Reached skill level 4 in Transmutations
  3959 | D:4      | Reached XP level 7. HP: 55/57 MP: 10/10
  4666 | D:4      | Found Quczuic's Magic Scroll Emporium.
  4677 | D:4      | Bought a scroll of teleportation for 36 gold pieces
  4677 | D:4      | Bought a scroll of identify for 24 gold pieces
  4713 | D:5      | Entered Level 5 of the Dungeon
  4845 | D:5      | Reached skill level 5 in Transmutations
  4952 | D:5      | Reached XP level 8. HP: 57/64 MP: 11/11
  5120 | D:5      | Learned a level 3 spell: Spider Form
  5311 | D:5      | Found a staircase to the Ecumenical Temple.
  5354 | Temple   | Entered the Ecumenical Temple
  5467 | Temple   | Became a worshipper of Cheibriados the Contemplative
  6287 | D:6      | Reached skill level 6 in Transmutations
  6291 | D:6      | Found Ycepipen's Magic Scroll Emporium.
  6346 | D:6      | Reached * piety under Cheibriados
  6352 | D:6      | Bought a scroll of blinking for 105 gold pieces
  6353 | D:6      | Reached skill level 10 in Transmutations
  6354 | D:6      | Reached XP level 9. HP: 91/91 MP: 12/12
  6538 | D:6      | Reached skill level 1 in Poison Magic
  6796 | D:6      | Noticed Blork the orc
  6805 | D:6      | Killed Blork the orc
  6805 | D:6      | Reached ** piety under Cheibriados
  7218 | D:7      | Learned a level 4 spell: Ice Form
  7239 | D:7      | Found a transporter.
  7239 | D:7      | Noticed GordonOverkill's ghost (novice PaCK)
  7346 | D:7      | Found a transporter.
  7615 | D:8      | Found a broken altar of Ashenzari.
  7645 | D:8      | Reached XP level 10. HP: 68/99 MP: 14/14
  7647 | D:8      | Reached skill level 1 in Ice Magic
  7955 | D:8      | Noticed a death yak
  7983 | D:8      | Found a staircase to the Lair.
  8109 | D:8      | Reached *** piety under Cheibriados
  8128 | Lair:1   | Entered Level 1 of the Lair of Beasts
  8398 | Lair:1   | Found a dark tunnel.
  8398 | Lair:1   | Noticed a lindwurm
  8405 | Lair:1   | Killed a lindwurm
  8412 | Volcano  | Entered a volcano
  8448 | Volcano  | Noticed a gargoyle
  8448 | Volcano  | Noticed a stone giant
  8457 | Volcano  | Slain by a stone giant

Illustrated notes

Levels and vault maps discovered:
D:1:      dpeg_arrival_rooms_b, layout_basic, serial_bayou_lagoon_a,
          minmay_hexomino_r4
D:2:      layout_loops_ring, lemuel_crystal_altar,
          chequers_ecumenical_altar_island
D:3:      kennysheep_the_goblin_king, layout_loops_ring, old_standard_altar,
          due_unseen_surprise, uniq_jessica, uniq_terence
D:4:      layout_basic, serial_shops, shop
D:5:      minmay_recursive_quarters, layout_layer_cave, temple_statues
D:6:      corexii_shack_village, layout_rooms, serial_shops, shop,
          uniq_blork_the_orc
D:7:      layout_loops_ring, gammafunk_ghost_arena
D:8:      layout_rooms, evilmike_ruin_ashenzari, kennysheep_mini_moat,
          david_lair_generic
Temple:   minmay_crystal_spiral_temple
Lair:1:   layout_roguey, nicolae_volcano_entry_vermiform, grunt_megastairs_4
Volcano:  volcano_pools

Skill      XL: |  1  2  3  4  5  6  7  8  9 10 |
---------------+-------------------------------+-----
Unarmed Combat | 4 5 6 7 8 9 |  9.0
Transmutations | 3 4 5 10 | 10.5
Fighting       | 9 |  9.1
Poison Magic   | 2 |  2.4
Spellcasting   | 3 4 |  4.1
Ice Magic      | 3 |  3.0
Dodging        | |  1.5

Action                   |  1- 3 |  4- 6 |  7- 9 | 10-12 || total
-------------------------+-------+-------+-------+-------++-------
Melee: Unarmed           |   100 |   221 |   273 |    70 ||   664
       Headbutt          |     9 |    22 |    17 |       ||    48
       Punch             |     1 |     6 |     6 |     4 ||    17
 Cast: Beastly Appendage |     6 |    24 |    11 |       ||    41
       Spider Form       |       |       |     7 |     5 ||    12
 Abil: Spit Poison       |    14 |    56 |    25 |     2 ||    97
Evoke: Wand              |       |       |       |     5 ||     5
  Use: Potion            |       |     3 |     1 |     1 ||     5
       Scroll            |       |       |    10 |     1 ||    11
 Stab: Distracted        |       |       |     2 |       ||     2
       Sleeping          |       |       |     1 |       ||     1
Armor: Robe              |    10 |    47 |    70 |    20 ||   147
       Skin              |       |       |     1 |       ||     1
Dodge: Dodged            |    47 |   138 |   149 |    45 ||   379

Table legend: (Time is in decaauts)
 A = Elapsed time spent in this place.
 B = Non-inter-level travel time spent in this place.
 C = Inter-level travel time spent in this place.
 D = Time resting spent in this place.
 E = Time spent auto-exploring this place.
 F = Levels seen in this place.
 G = Mean time per level.
                   A        B        C        D        E       F      G
               +--------+--------+--------+--------+--------+-----+--------+
         Total |  11652 |  11284 |    368 |   1234 |   7822 |  11 | 1059.3 |
       Dungeon |  10821 |  10582 |    239 |   1184 |   7711 |   8 | 1352.6 |
        Temple |    242 |    113 |    129 |      0 |    110 |   1 |  242.0 |
          Lair |    503 |    503 |      0 |     50 |      0 |   1 |  503.0 |
       Volcano |     85 |     85 |      0 |      0 |      0 |   1 |   85.0 |
               +--------+--------+--------+--------+--------+-----+--------+

Top non-repeatable levels by time:
     D:5: 2052 daAuts
     D:1: 1813 daAuts
     D:2: 1548 daAuts
     D:3: 1213 daAuts
     D:4: 1206 daAuts
     D:7: 1177 daAuts
     D:6: 1030 daAuts
     D:8: 778 daAuts
  Lair:1: 503 daAuts
  Temple: 242 daAuts
 Volcano: 85 daAuts
